 Dungeon Crawl Stone Soup version 0.21.1-68-g103a7afc0a (webtiles) character file.

631 SacredBeard the Insei (level 7, -3/53 HPs)
             Began as a Human Monk on Aug 2, 2018.
             Was a Priest of Trog.
             Slain by Edmund
             ... wielding a +1 flail of protection
              (9 damage)
             ... on level 6 of the Dungeon.
             The game lasted 00:34:24 (4903 turns).

SacredBeard the Insei (Human Monk)                  Turns: 4903, Time: 00:34:25

Health: -3/53      AC:  2    Str: 13      XL:     7   Next: 78%
Magic:  7/7        EV: 14    Int: 14 (15) God:    Trog [***...]
Gold:   137        SH:  0    Dex: 17 (18) Spells: 6/6 levels left

rFire    . . .     SeeInvis .     - Unarmed
rCold    . . .     Gourm    .   (no shield)
rNeg     . . .     Faith    .   a - +0 robe
rPois    .         Spirit   .   (no helmet)
rElec    .         Reflect  .   (no cloak)
rCorr    .         Harm     .   (no gloves)
MR       .....                  (no boots)
Stlth    ++........             (no amulet)
HPRegen  0.17/turn              (no ring)
MPRegen  0.10/turn              (no ring)

@: brilliant
A: agile 1, deterioration 1, mutation resistance 1
a: Berserk, Trog's Hand, Burn Spellbooks, Renounce Religion


You were on level 6 of the Dungeon.
You worshipped Trog.
Trog was most pleased with you.
You were near starving.

You visited 2 branches of the dungeon, and saw 7 of its levels.

You collected 137 gold pieces.

Inventory:

Armour
 a - a +0 robe (worn)
 e - a +0 pair of boots
 l - a cursed +0 cloak
Scrolls
 d - 3 scrolls of amnesia {unknown}
 f - a scroll of enchant weapon {unknown}
 g - a scroll of teleportation {unknown}
 i - 3 scrolls of magic mapping {unknown}
 j - 9 scrolls of identify {unknown}
 k - a scroll of immolation {unknown}
 m - 2 scrolls of blinking {unknown}
 n - a scroll of random uselessness {unknown}
 q - 2 scrolls of fog {unknown}
Potions
 c - a potion of flight
 r - a potion of haste {unknown}
Comestibles
 b - 12 rations


   Skills:
 * Level 3.7 Fighting
 + Level 4.1 Dodging
 - Level 2.0 Stealth
 + Level 7.6 Unarmed Combat


You had 6 spell levels left.
You didn't know any spells.

Dungeon Overview and Level Annotations

Branches:
Dungeon (6/15)             Temple (1/1) D:4

Altars:
Ashenzari
Cheibriados
Dithmenos
Elyvilon
Fedhas
Gozag
Kikubaaqudgha
Makhleb
Nemelex Xobeh
Okawaru
Ru
Trog
Uskayaw
Vehumet
Wu Jian
Yredelemnul
Zin
The Shining One

Portals:
Ossuary: D:6

Annotations:
D:6 Edmund


Innate Abilities, Weirdness & Mutations

You are agile. (Dex +2)
Your body sometimes deteriorates upon taking damage.
You are somewhat resistant to further mutation.


Message History

Edmund is almost dead.
Edmund completely misses you.
You hit Edmund. Your punch misses Edmund.
Edmund is almost dead.
Edmund barely misses you.
You hit Edmund.
Edmund is almost dead.
You hit Edmund but do no damage.
Edmund is almost dead.
Edmund hits you with a flail of protection!
Your body deteriorates!
You feel clumsy.
You hit Edmund but do no damage.
Edmund is almost dead.
Edmund says, "A flail is better than a scythe, any day of the week!"
Edmund hits you with a flail of protection!
* * * LOW HITPOINT WARNING * * *
It was a potion of brilliance.
You feel clever all of a sudden.
Edmund hits you with a flail of protection!
You die...

###############
..............
####...........# .
#...............
..#.......@......#
..#.....@..%...#
#...∩....$.....#
#.#...#.#####.##
######.##.##..####.
....................
######.##########.#
. #.# .. #.#
..^#######.#######


You could see Edmund.

Vanquished Creatures
  A phantom (D:4)
  A bullfrog (D:6)
  A scorpion (D:4)
  3 orc priests
  A jelly (D:5)
  2 hounds (D:4)
  An orc wizard (D:3)
  Natasha (twice) (D:2)
  A hound skeleton (D:4)
  7 adders
  2 oozes (D:3)
  An adder skeleton (D:4)
  A worm (D:3)
  2 dart slugs
  4 leopard geckos
  13 orcs
  2 ball pythons (D:1)
  5 bats
  7 giant cockroaches
  10 goblins
  6 hobgoblins
  2 kobolds
  3 frilled lizards
  3 rats
81 creatures vanquished.

Notes
Turn   | Place    | Note
-------+----------+-------------------------------------------
     0 | D:1      | SacredBeard the Human Monk began the quest for the Orb.
     0 | D:1      | Reached XP level 1. HP: 18/18 MP: 1/1
   352 | D:1      | Reached XP level 2. HP: 24/24 MP: 2/2
   672 | D:2      | Reached XP level 3. HP: 20/29 MP: 3/3
  1216 | D:2      | Noticed Natasha
  1265 | D:2      | Killed Natasha
  1265 | D:2      | Reached skill level 4 in Unarmed Combat
  1265 | D:2      | Reached XP level 4. HP: 31/35 MP: 4/4
  1364 | D:2      | Found an ancient bone altar of Kikubaaqudgha.
  1366 | D:2      | Found a bloodstained altar of Trog.
  1537 | D:2      | Became a worshipper of Trog the Wrathful
  1537 | D:2      | Reached * piety under Trog
  1537 | D:2      | Reached ** piety under Trog
  1546 | D:2      | Noticed Natasha
  1557 | D:2      | Killed Natasha
  1557 | D:2      | Reached XP level 5. HP: 34/41 MP: 5/5
  2026 | D:3      | Found an opulent altar of Gozag.
  2110 | D:3      | Reached skill level 5 in Unarmed Combat
  2517 | D:3      | Reached XP level 6. HP: 19/47 MP: 6/6
  2946 | D:3      | Reached skill level 6 in Unarmed Combat
  3863 | D:4      | Reached XP level 7. HP: 37/52 MP: 7/7
  3896 | D:4      | Found a staircase to the Ecumenical Temple.
  3907 | Temple   | Entered the Ecumenical Temple
  4121 | D:4      | Reached *** piety under Trog
  4141 | D:4      | HP: 2/52 [phantom (8)]
  4147 | D:4      | Gained mutation: Your body sometimes deteriorates upon taking damage. [potion of mutation]
  4147 | D:4      | Gained mutation: You are somewhat resistant to further mutation. [potion of mutation]
  4147 | D:4      | Gained mutation: You are agile. (Dex +2) [potion of mutation]
  4150 | D:4      | Reached skill level 7 in Unarmed Combat
  4568 | D:5      | Entered Level 5 of the Dungeon
  4873 | D:6      | Found a sand-covered staircase.
  4873 | D:6      | Noticed Edmund
  4903 | D:6      | Slain by Edmund

Skill      XL: |  1  2  3  4  5  6  7 |
---------------+----------------------+-----
Unarmed Combat | 4 5 6 7 |  7.6
Dodging        | 4 |  4.1
Fighting       | |  3.7
Stealth        | |  2.0

Action                   |  1- 3 |  4- 6 |  7- 9 || total
-------------------------+-------+-------+-------++-------
Melee: Unarmed           |    87 |   188 |    70 ||   345
       Punch             |     1 |     2 |     3 ||     6
Invok: Berserk           |       |     1 |     1 ||     2
  Use: Potion            |       |       |     5 ||     5
 Stab: Sleeping          |     5 |     4 |     2 ||    11
       Distracted        |       |     1 |       ||     1
  Eat: Chunk             |     1 |     9 |     3 ||    13
Armor: Robe              |    10 |    17 |     4 ||    31
Dodge: Dodged            |    50 |   100 |    30 ||   180
